 Dungeon Crawl Stone Soup version 0.30.1-11-g7821555f0a (webtiles) character file.

Game seed: 1555384058217828099

403 MOCHET the Trooper (level 7, -2/53 HPs)
             Began as a Djinni Fire Elementalist on Dec 13, 2023.
             Slain by a sky beast (6 damage)
             ... on level 6 of the Dungeon.
             The game lasted 00:12:48 (2058 turns).

MOCHET the Trooper (Djinni Fire Elementalist)       Turns: 2058, Time: 00:12:50

Health: -2/53      AC:  2    Str:  7    XL:     7   Next: 11%
Gold:   78         EV: 13    Int: 18    God:
                   SH:  0    Dex: 14

rFire   + + .        q - +0 dagger (venom)
rCold   x . .        (no shield)
rNeg    . . .        a - +0 robe
rPois   ∞            (no helmet)
rElec   .            (no cloak)
rCorr   .            (no gloves)
SInv    .            (boots unavailable)
Will    .....        (no amulet)
Stlth   +            (no ring)
HPRegen 0.28/turn    (no ring)
MPRegen 0.00/turn

%: infuse magic (-3 HP)
@: confused, ambrosia-drunk, flying
A: sickness immunity, fire resistance 2, cold vulnerability 1, float, innate
caster, HP casting, extra vitality 1
a: no special abilities


You were on level 6 of the Dungeon.
You visited 1 branch of the dungeon, and saw 4 of its levels.

You collected 78 gold pieces.

Inventory:

Hand Weapons
 q - a +0 dagger of venom (weapon)
Armour
 a - a +0 robe (worn)
 d - a +0 leather armour
Jewellery
 n - a ring of ice
Wands
 r - a wand of paralysis (8)
Scrolls
 h - a scroll of fear {unknown}
 j - a scroll of blinking {unknown}
 k - a scroll of fog {unknown}
 l - a scroll of vulnerability {unknown}
 m - a scroll of identify {unknown}
Potions
 b - a potion of brilliance {unknown}
 c - a potion of mutation {unknown}
 e - a potion of haste {unknown}
 f - a potion of curing {unknown}
 g - a potion of degeneration {unknown}
 o - a potion of heal wounds {unknown}
 p - a potion of magic {unknown}


   Skills:
 * Level 4.4 Fighting
 + Level 4.3 Dodging
 - Level 1.8 Stealth
 + Level 3.5 Spellcasting


You knew the following spells:

 Your Spells              Type           Power      Damage    Failure   Level
a - Foxfire               Conj/Fire      64%        2x1d7     3%          1
b - Scorch                Fire           32%        2d6       5%          2
c - Volatile Blastmotes   Fire/Tloc      32%        2d12      11%         3
d - Inner Flame           Hex/Fire       16%        N/A       11%         3
e - Flame Wave            Conj/Fire      16%        2d7       34%         4
f - Sting                 Tmut/Pois      64%        1d6       3%          1
g - Searing Ray           Conj           32%        2d5       5%          2
h - Vhi's Electric Charg  Tloc/Air       32%        N/A       11%         3
Your spell library was empty.

Dungeon Overview and Level Annotations

Branches:
Dungeon (3/15)

Altars:
Zin


Innate Abilities, Weirdness & Mutations

You are immune to sickness and miasma.
You are immune to poison.
Your flesh is very heat resistant. (rF++)
You are vulnerable to cold. (rC-)
You float through the air rather than walking.
You learn spells naturally, not from books.
Your magical power is your life essence.
You have superior vitality. (+4 MHP)


Message History

The hound's fire resistance burns away.
The hound closely misses you. The hound bites you but does no damage.
The hound bites you. Something hits you. Something shocks you.
Casting: Scorch (safe; 5% risk of failure)
Confirm with . or Enter, or press ? or * to list all spells.
Flames lash something.
The hound bites you. Something hits you. Something shocks you.
The hound closely misses you. The hound bites you but does no damage.
Something hits you but does no damage.
Casting: Scorch (safe; 5% risk of failure)
Confirm with . or Enter, or press ? or * to list all spells.
Flames lash the hound.
The hound is burned terribly!
The hound is almost dead.
The hound bites you. Something barely misses you. The hound bites you.
The hound bites you. Something hits you.
* * * LOW HITPOINT WARNING * * *
Something shocks you.
* * * LOW HITPOINT WARNING * * *
Casting: Scorch (safe; 5% risk of failure)
Confirm with . or Enter, or press ? or * to list all spells.
You can't charge at the hound because you're already next to there.
You completely miss the hound.
The hound is almost dead.
The hound closely misses you. Something barely misses you.
The hound bites you but does no damage.
Casting: Vhi's Electric Charge (dangerous; 11% risk of failure)
Confirm with . or Enter, or press ? or * to list all spells.
You conjure some foxfire!
* * * LOW HITPOINT WARNING * * *
The hound closely misses you. Something hits you.
* * * LOW HITPOINT WARNING * * *
Something shocks you.
* * * LOW HITPOINT WARNING * * *
It was a potion of ambrosia.
You are confused.
You feel invigorated.
The foxfire hits the hound.
The hound is burned terribly!
You kill the hound!
The foxfire hits something.
Something hits you.
* * * LOW HITPOINT WARNING * * *
Something shocks you.
You die...

#. ... #..## ... ... #.#####
)... #....§#.$...
#.{@..>.... #...###....
#########...# #.. . ..
#...........# #.# ....###
#...........###.# ......
#...............#### ###.###
#..................###.....#
#..................#........
##########..................


There were no monsters in sight!

Vanquished Creatures
  Sigmund (D:2)
  A water moccasin (D:6)
  2 hounds (D:6)
  A jelly (D:6)
  An iguana (D:6)
  An adder (D:2)
  2 dart slugs
  2 orcs
  2 ball pythons (D:1)
  4 endoplasms
  A giant cockroach (D:1)
  5 goblins
  4 hobgoblins
  8 jackals
  A quokka (D:1)
  5 bats
  3 frilled lizards
  2 kobolds
  6 rats
52 creatures vanquished.

Vanquished Creatures (others)
  139 foxfires
139 creatures vanquished.

Grand Total: 191 creatures vanquished

Notes
Turn   | Place    | Note
-------+----------+-------------------------------------------
     0 | D:1      | MOCHET the Djinni Fire Elementalist began the quest for the
                  | Orb.
     0 | D:1      | MOCHET set off with the following spells memorised:
                  | Foxfire, Scorch, Volatile Blastmotes, Inner Flame, Flame
                  | Wave.
     0 | D:1      | Reached XP level 1. HP: 15/15 MP: 0/0
   173 | D:1      | Reached XP level 2. HP: 18/21 MP: 0/0
   565 | D:1      | Reached XP level 3. HP: 20/26 MP: 0/0
   565 | D:1      | Learned a level 1 spell: Sting
   573 | D:1      | Reached skill level 1 in Fighting
  1197 | D:2      | Found a faded altar of an unknown god.
  1380 | D:2      | Noticed Sigmund
  1390 | D:2      | Killed Sigmund
  1391 | D:2      | Reached XP level 4. HP: 28/35 MP: 0/0
  1391 | D:2      | Reached XP level 5. HP: 32/40 MP: 0/0
  1391 | D:2      | Learned a level 2 spell: Searing Ray
  1391 | D:2      | Reached XP level 6. HP: 37/46 MP: 0/0
  1820 | D:3      | You are sucked into a shaft and drop 3 floors!
  1820 | D:6      | Found a glowing silver altar of Zin.
  1830 | D:6      | Noticed a water moccasin
  1835 | D:6      | Killed a water moccasin
  1894 | D:6      | Reached XP level 7. HP: 39/52 MP: 0/0
  1894 | D:6      | Learned a level 3 spell: Vhi's Electric Charge
  2057 | D:6      | HP: 1/53 [something (5)]
  2058 | D:6      | Slain by a sky beast

Illustrated notes

Levels and vault maps discovered:
D:1:      dpeg_cavernosity, layout_basic
D:2:      layout_basic, shapermc_ecumenical_altar_notcrosses, uniq_sigmund
D:3:      layout_loops_ring, overflow_temple_1_default, grunt_ministairs_13,
          minmay_puff
D:6:      layout_basic, nicolae_sif_muna_little_library, zin_academy,
          mainiacjoe_overflow_tiny_flanked, minmay_temple_entry_grid,
          small_statue_alley_b, uniq_blork_the_orc

Skill      XL: |  1  2  3  4  5  6 |
---------------+-------------------+-----
Fighting       | 3 4 |  4.4
Dodging        | 3 4 |  4.3
Spellcasting   | 3 |  3.5
Stealth        | |  1.8

Action                     |  1- 3 |  4- 6 |  7- 9 || total
---------------------------+-------+-------+-------++-------
  Melee: Unarmed           |     4 |       |       ||     4
         Dagger            |       |       |     1 ||     1
   Cast: Foxfire           |    67 |     8 |     9 ||    84
         Sting             |     4 |       |       ||     4
         Scorch            |       |    10 |     4 ||    14
         Searing Ray       |       |     5 |       ||     5
    Use: Potion            |       |       |     1 ||     1
 Armour: Robe              |     2 |     1 |     4 ||     7
  Dodge: Dodged            |    20 |     2 |     7 ||    29
